 Dungeon Crawl Stone Soup version 0.20.1-1-g8b1a95d (webtiles) character file.

26 vatarom the Chopper (level 2, 21/21 HPs)
             Began as a Demonspawn Chaos Knight on Sept 1, 2017.
             Quit the game on level 2 of the Dungeon.
             The game lasted 00:01:30 (816 turns).

vatarom the Chopper (Demonspawn Chaos Knight)        Turns: 816, Time: 00:01:31

Health: 21/21      AC:  6    Str: 12    XL:     2   Next: 89%
Magic:  2/2        EV: 11    Int: 13    God:    Xom [*.....]
Gold:   42         SH:  0    Dex: 12    Spells: 1/1 levels left

rFire    . . .     SeeInvis .   a - +1 hand axe (chaos)
rCold    . . .     Gourm    .   (no shield)
rNeg     . . .     Faith    .   b - +2 leather armour
rPois    .         Spirit   .   d - +0 hat
rElec    .         Reflect  .   (no cloak)
rCorr    .         Harm     .   (no gloves)
MR       .....                  e - +0 pair of boots (curse)
Stlth    +.........             (no amulet)
Regen    0.1/turn               (no ring)
MPRegen  0.1/turn               (no ring)

@: no status effects
A: claws 1, blurry vision 1, deterioration 2, frail 1
a: Renounce Religion


You were on level 2 of the Dungeon.
You worshipped Xom.
You were a special plaything of Xom.
You were not hungry.

You visited 1 branch of the dungeon, and saw 2 of its levels.

You collected 42 gold pieces.

Inventory:

Hand Weapons
 a - a +1 hand axe of chaos (weapon)
Armour
 b - a +2 leather armour (worn)
 d - a +0 hat (worn)
 e - a cursed +0 pair of boots (worn)
 g - a cursed +0 chain mail
Comestibles
 c - a bread ration


   Skills:
 - Level 3.0 Fighting
 + Level 3.7 Axes
 - Level 1.7 Armour
 - Level 0.8 Dodging


You had one spell level left.
You didn't know any spells.

Dungeon Overview and Level Annotations

Branches:
Dungeon (2/15)

Altars:


Innate Abilities, Weirdness & Mutations

You have sharp fingernails.
Scrolls take you a little longer to read.
Your body often deteriorates upon taking damage.
You are frail. (-10% HP)


Message History

(D) Dungeon
Where to? (? - help)
There is a stone staircase leading down here.
You climb downwards.
Found a faded altar of an unknown god.
Found a stone staircase leading up.
There is a stone staircase leading up here.
Found a stone staircase leading down.
Autopickup is now off.
Autopickup is now on.
You now have 42 gold pieces (gained 14).
A bat comes into view.
A bat is nearby!
A bat is nearby!
A jackal comes into view.
The jackal barks!
The bat hits you but does no damage.
You hit the bat.
You kill the bat!
Autopickup is now off.
Are you sure you want to abandon this character and quit the game? (Confirm with "yes".)

. ########
..######......#
.........####.# .##
.##....#####.####...#
#.>#...............
#...@####.........#
#.#.## #..#####.## #
#h #..# #. #..# ..
#..### .. ##....# ..#
#...#.# .. ##..#.# #
##.#.#


You could see a jackal.

Vanquished Creatures
  2 dart slugs (D:1)
  A giant cockroach (D:1)
  A goblin (D:1)
  3 hobgoblins (D:1)
  5 bats
  A frilled lizard (D:1)
  2 kobolds (D:1)
  3 rats (D:1)
18 creatures vanquished.

Vanquished Creatures (others)
  An ooze (D:1)
  A bat (D:2)
2 creatures vanquished.

Grand Total: 20 creatures vanquished

Notes
Turn   | Place    | Note
-------+----------+-------------------------------------------
     0 | D:1      | vatarom the Demonspawn Chaos Knight began the quest for the Orb.
     0 | D:1      | Reached XP level 1. HP: 18/18 MP: 1/1
   259 | D:1      | XOM: potion effect (brilliance)
   344 | D:1      | Gained mutation: You have sharp fingernails. [demonic ancestry]
   344 | D:1      | Reached XP level 2. HP: 24/24 MP: 2/2
   457 | D:1      | XOM: divination: detect items
   475 | D:1      | XOM: swap monsters
   765 | D:1      | XOM: give mutations
   765 | D:1      | Gained mutation: Your body sometimes deteriorates upon taking damage. [Xom's mischief]
   765 | D:1      | Gained mutation: Scrolls take you a little longer to read. [Xom's mischief]
   765 | D:1      | Gained mutation: Your body often deteriorates upon taking damage. [Xom's mischief]
   765 | D:1      | Gained mutation: You are frail. (-10% HP) [Xom's mischief]
   786 | D:2      | Found a faded altar of an unknown god.
   816 | D:2      | Quit the game

Skill      XL: |  1 |
---------------+----+-----
Axes           | 3 |  3.7
Fighting       | |  3.0
Armour         | |  1.7
Dodging        | |  0.8

Action                   || total
-------------------------++-------
Melee: Hand axe          ||    41
  Use: Scroll            ||     4
 Stab: Sleeping          ||     1
Armor: Leather armour    ||    13
Dodge: Dodged            ||    17
